 Dungeon Crawl Stone Soup version 0.30.1-11-g7821555f0a (webtiles) character file.

Game seed: 8526932907169259903

702 jagang the Slasher (level 7, -3/56 HPs)
             Began as a Human Monk on Jan 10, 2024.
             Slain by a gnoll
             ... wielding a +0 spear
             ... led by a gnoll sergeant
              (5 damage)
             ... on level 5 of the Dungeon.
             The game lasted 00:12:15 (3019 turns).

jagang the Slasher (Human Monk)                     Turns: 3019, Time: 00:12:16

Health: -3/56      AC:  5    Str: 11    XL:     7   Next: 98%
Magic:  9/9        EV: 12    Int: 11    God:
Gold:   61         SH:  0    Dex: 17    Spells: 6/6 levels left

rFire   . . .        b - +0 long sword
rCold   . . .        d - orb {light}
rNeg    + . .        i - +0 troll leather armour
rPois   .            (no helmet)
rElec   .            (no cloak)
rCorr   +            (no gloves)
SInv    .            x - +0 pair of boots
Will    .....        w - amulet of regeneration
Stlth   +            k - ring of positive energy
HPRegen 1.89/turn    r - ring of resist corrosion
MPRegen 0.11/turn

%: no passive effects
@: glowing
A: no striking features
a: no special abilities


You were on level 5 of the Dungeon.
You visited 1 branch of the dungeon, and saw 5 of its levels.
You also visited: Sewer.

You collected 238 gold pieces.
You spent 177 gold pieces at shops.

Inventory:

Hand Weapons
 b - a +0 long sword (weapon)
Missiles
 u - 8 boomerangs (quivered)
 A - 6 curare-tipped darts
Armour
 d - an orb of light (worn)
 i - a +0 troll leather armour (worn)
 x - a +0 pair of boots (worn)
Jewellery
 k - a ring of positive energy (left hand)
 r - a ring of resist corrosion (right hand)
 w - an amulet of regeneration (around neck)
Wands
 p - a wand of quicksilver (13)
 s - a wand of flame (12)
Scrolls
 a - 4 scrolls of identify
 e - 3 scrolls of blinking
 g - 4 scrolls of teleportation
 h - 3 scrolls of poison
 m - a scroll of fog
 o - a scroll of magic mapping
 v - 2 scrolls of vulnerability
 y - a scroll of noise
 z - a scroll of enchant weapon
Potions
 c - a potion of ambrosia
 j - a potion of mutation
 l - a potion of heal wounds {unknown}
 n - a potion of curing
 q - a potion of haste {unknown}
 t - a potion of brilliance {unknown}


   Skills:
 * Level 5.2 Fighting
 * Level 5.3 Long Blades
 + Level 2.5 Throwing
 + Level 2.9 Armour
 - Level 3.0 Dodging
 + Level 0.0 Shields
 + Level 3.0 Invocations


You had 6 spell levels left.
You didn't know any spells.
Your spell library contained the following spells:

 Spells                   Type           Power      Damage    Failure   Level
 Blink                    Tloc           0%         N/A       56%         2
 Lesser Beckoning         Tloc           0%         N/A       56%         2
 Momentum Strike          Conj/Tloc      0%         3d8       56%         2
 Portal Projectile        Hex/Tloc       0%         N/A       80%         3
 Tukima's Dance           Hex            0%         N/A       80%         3
 Blade Hands              Tmut           0%         N/A       100%        5


Dungeon Overview and Level Annotations

Branches:
Dungeon (5/15)              Sewer (visited)
 Temple: D:4-7

Altars:
Okawaru
Qazlal

Shops:
D:2 =   D:3 (   D:4 ?=!:


Message History

The gnoll sergeant hits you from afar with a +0 spear.
The gnoll closely misses you.
The gnoll sergeant hits you with a +0 spear.
The gnoll closely misses you. The gnoll hits you with a +0 spear.
You see here 8 poisoned darts.
You hit the gnoll sergeant but do no damage.
The gnoll sergeant is heavily wounded.
The gnoll sergeant hits you with a +0 spear!
The gnoll barely misses you. x2
You slash the gnoll sergeant!
The gnoll sergeant is severely wounded.
The gnoll sergeant hits you with a +0 spear!
The gnoll barely misses you.
The gnoll hits you from afar with a +0 spear.
The gnoll hits you but does no damage. The gnoll sergeant blocks your attack.
The gnoll sergeant is severely wounded.
The gnoll sergeant hits you but does no damage.
The gnoll hits you from afar with a +0 halberd!
The gnoll misses you. The gnoll barely misses you.
You hit the gnoll sergeant.
The gnoll sergeant is almost dead.
The gnoll sergeant hits you with a +0 spear.
The gnoll hits you from afar with a +0 spear.
The gnoll closely misses you.
The gnoll hits you from afar with a +0 halberd!
* * * LOW HITPOINT WARNING * * *
The gnoll sergeant completely misses you.
The gnoll hits you with a +0 halberd!
* * * LOW HITPOINT WARNING * * *
The gnoll attacks as you move away! The gnoll misses you.
The gnoll hits you from afar with a +0 halberd!
* * * LOW HITPOINT WARNING * * *
The gnoll barely misses you.
There is a stone staircase leading up, spattered with blood here.
The gnoll sergeant hits you from afar with a +0 spear.
* * * LOW HITPOINT WARNING * * *
The gnoll hits you but does no damage. The gnoll closely misses you. x2
The gnoll hits you from afar with a +0 spear.
You die...

# #####.####
..[....@.####
.........g(.#
......gggg(.#
..$............#
............##.#
##....<.....# #
............#
####........#
#........#


You could see a gnoll sergeant and 4 gnolls.

Vanquished Creatures
  Grinder (D:4)
  Duvessa (D:4)
  Pargi (Sewer)
  Dowan (D:4)
  A hound (D:4)
  A jelly (D:4)
  An orc priest (D:4)
  Natasha (thrice) (D:4)
  A gnoll (D:4)
  2 adders
  A white imp (D:4)
  4 worms
  2 dart slugs
  4 orcs (D:4)
  7 ball pythons
  7 endoplasms
  6 giant cockroaches
  9 goblins
  4 hobgoblins
  3 jackals (D:4)
  4 kobolds
  4 quokkas
  A bat (D:3)
  5 frilled lizards
  3 rats
77 creatures vanquished.

Notes
Turn   | Place    | Note
-------+----------+-------------------------------------------
     0 | D:1      | jagang the Human Monk began the quest for the Orb.
     0 | D:1      | Reached XP level 1. HP: 18/18 MP: 1/1
   169 | D:1      | Reached XP level 2. HP: 24/24 MP: 2/2
   378 | D:1      | Found a faded altar of an unknown god.
   452 | D:1      | Reached XP level 3. HP: 21/29 MP: 3/3
   806 | D:2      | Reached skill level 1 in Invocations
   897 | D:2      | Found Tiufyz's Jewellery Emporium.
  1004 | D:2      | Reached skill level 1 in Armour
  1303 | D:3      | Found Kaochiyh's Weapon Shoppe.
  1311 | D:3      | Bought a +0 long sword for 42 gold pieces
  1423 | D:3      | Reached XP level 4. HP: 34/35 MP: 4/4
  1438 | D:3      | Found an iron altar of Okawaru.
  1507 | D:3      | Found a stormy altar of Qazlal.
  1782 | D:4      | Found Ubled's Jewellery Shoppe.
  1795 | D:4      | Noticed Duvessa
  1805 | D:4      | Noticed Dowan
  1817 | D:4      | Killed Duvessa
  1818 | D:4      | Reached skill level 1 in Throwing
  1818 | D:4      | Reached XP level 5. HP: 25/42 MP: 4/6
  1827 | D:4      | Killed Dowan
  1828 | D:4      | Reached XP level 6. HP: 47/48 MP: 5/7
  1869 | D:4      | Noticed Grinder
  1871 | D:4      | Paralysed by Grinder for 2 turns
  1891 | D:4      | Found Yxostriyt's Book Shoppe.
  1896 | D:4      | Paralysed by Grinder for 4 turns
  1908 | D:4      | Killed Grinder
  1909 | D:4      | Reached XP level 7. HP: 46/55 MP: 8/8
  1954 | D:4      | Noticed Natasha
  1963 | D:4      | Killed Natasha
  2077 | D:4      | Found Pawn's Distillery.
  2084 | D:4      | Reached skill level 5 in Long Blades
  2106 | D:4      | Found a glowing drain.
  2130 | Sewer    | Entered a sewer
  2227 | Sewer    | Noticed Pargi
  2234 | Sewer    | Killed Pargi
  2235 | Sewer    | Reached skill level 5 in Fighting
  2425 | D:4      | Found Vamo's Magic Scroll Emporium.
  2433 | D:4      | Bought a scroll of enchant weapon for 75 gold pieces
  2433 | D:4      | Bought a scroll of identify for 20 gold pieces
  2433 | D:4      | Bought a scroll of identify for 20 gold pieces
  2433 | D:4      | Bought a scroll of identify for 20 gold pieces
  2612 | D:4      | Noticed Natasha
  2617 | D:4      | Killed Natasha
  2878 | D:4      | Noticed Natasha
  2886 | D:4      | Killed Natasha
  2926 | D:5      | Entered Level 5 of the Dungeon
  3018 | D:5      | HP: 2/56 [gnoll/+0 halberd[a gnoll sergeant] (9)]
  3019 | D:5      | Slain by a gnoll

Illustrated notes

Levels and vault maps discovered:
D:1:      saegor_arrival_simple_d, layout_loops_cross,
          chequers_ecumenical_altar_island
D:2:      layout_rooms, serial_shops,
          nicolae_shop_temple_entry_statues_fountains, minmay_splitting_lines
D:3:      layout_rooms, marbit_many_paths, old_standard_altar, serial_shops,
          nicolae_shop_bloodbath_and_beyond, chequers_serial_rivers_micro_c,
          hangedman_decor_lopped
D:4:      layout_cave_pods, serial_shops, shop_scrolls,
          nicolae_shop_hallway_stairs, nicolae_stop_n_shop_1, shop,
          gup_sewer_entry_glass, uniq_natasha, uniq_duvessa, uniq_grinder
D:5:      layout_rooms, trog_hazing_becter, wad_woods_river_04

Skill      XL: |  1  2  3  4  5  6  7 |
---------------+----------------------+-----
Invocations    | 1 2 3 |  3.0
Armour         | 1 2 |  2.9
Fighting       | 4 5 |  5.2
Long Blades    | 4 5 |  5.3
Throwing       | 1 2 |  2.5
Dodging        | |  3.0

Action                     |  1- 3 |  4- 6 |  7- 9 || total
---------------------------+-------+-------+-------++-------
  Melee: Falchion          |    67 |       |       ||    67
         Long sword        |    16 |    56 |    83 ||   155
  Throw: Dart              |       |     9 |    13 ||    22
    Use: Scroll            |     5 |     1 |     3 ||     9
 Armour: Robe              |     8 |       |       ||     8
         Troll leather arm |     4 |    14 |    37 ||    55
  Dodge: Dodged            |    59 |    28 |    94 ||   181
